cohdb
Replays
Latest Replays
All Replays
Popular Replays
Top Player Replays
Match Explorer
How It Works
Community
CoH3 Stats
Reddit
Sign in to upload your games and track your stats! →
Sign in with Steam
Match 30095622
Unlisted
Match 30095622
Overview
Messages
Build Orders
End
Pioneer Squad
Construct Infanterie Kompanie
Grenadier Squad
Grenadier Squad
Selects Mechanized Battlegroup
Construct Panzergrenadier Kompanie
251 Medium Carrier
251 Medium Carrier
Selects Raid Package
Grenadier Squad
Medical Station
Selects Mobile Repair Stations
Construct Panzer Kompanie
Panzer IV Medium Tank
Side Skirts
Panzer Officer Quarters
MG 42 Machine Gun Team
Selects 8 Rad Armored Car
Selects UNKNOWN (2160084)
Panther Heavy Tank
Loki
Tatole
Cpt.Xtreme
Hanaken
daniel0482
The Bad Strategist
Hshm96
moe_big90
0
0
Comments
sign in to comment!
No comments posted yet!